[Event "Titled Tuesday Blitz October 31 Late 2023"]
[White "Nihal Sarin"]
[Black "jactorres"]
[WhiteFideId "25092340"]
[WhiteElo "3127"]
[BlackElo "2526"]
[Result "1-0"]
[Round "1"]
[TimeControl "180+1"]
[Date "2023.10.31"]
[WhiteClock "0:02:56"]
[BlackClock "0:01:42"]
[Board "1"]

1. d4 Nf6 2. Nf3 e6 3. c4 d5 4. Nc3 Be7 5. Bf4 O-O 6. e3 dxc4 7. Bxc4 c5 8. O-O cxd4 9. Nxd4 a6 10. Qe2 b5 11. Bb3 Qb6 12. a4 b4 13. a5 Qb7 14. Na4 Nbd7 15. Rac1 Nd5 16. Nc6 Bf6 17. Bxd5 exd5 18. Bd6 Re8 19. Rfd1 d4 20. Nxd4 Ne5 21. Nb6 Ra7 22. Bxe5 Bxe5 23. Nc6 1-0


[Site "https://www.chess.com"]

[Event "Titled Tuesday Blitz October 31 Late 2023"]
[White "D`Arruda, Ricardo D."]
[Black "Martinez Alcantara, Jose Eduardo"]
[WhiteFideId "100692"]
[BlackFideId "3805662"]
[WhiteElo "2526"]
[BlackElo "3117"]
[Result "0-1"]
[Round "1"]
[TimeControl "180+1"]
[Date "2023.10.31"]
[WhiteClock "0:00:19"]
[BlackClock "0:01:13"]
[Board "2"]

1. d4 Nf6 2. Nf3 e6 3. c4 Bb4+ 4. Nbd2 O-O 5. a3 Be7 6. e4 d6 7. Bd3 c5 8. O-O cxd4 9. Nxd4 a6 10. b4 b6 11. Bb2 Bb7 12. Qe2 Nbd7 13. Rac1 Re8 14. Rfe1 Bf8 15. Qf1 g6 16. f3 Bh6 17. Qf2 Qc7 18. Rc2 Rac8 19. Nf1 Ne5 20. Be2 Bg7 21. Rec1 Qb8 22. Ne3 Ned7 23. Bf1 h5 24. h3 Bh6 25. Rd1 Qc7 26. Kh1 Bg7 27. g4 Ne5 28. g5 Nfd7 29. Bg2 Nf8 30. f4 Ned7 31. Bf3 Qd8 32. Qg2 e5 33. Ne2 exf4 34. Nxf4 Bxb2 35. Rxb2 Ne5 36. Nfd5 Nfd7 37. Rc2 Bxd5 38. Nxd5 Rxc4 39. Rxc4 Nxc4 40. Be2 b5 41. a4 Re5 42. h4 Nb2 43. Ra1 Nxa4 44. Qf3 Nab6 45. Rxa6 Nxd5 46. exd5 Qb8 47. Ra5 Qc7 48. Bxb5 Qc1+ 49. Kg2 Qd2+ 50. Kg1 Re1+ 51. Bf1 Ne5 52. Ra8+ Kh7 53. Qf6 Qd4+ 54. Kg2 Qxd5+ 55. Kf2 Ng4+ 0-1


[Site "https://www.chess.com"]

[Event "Titled Tuesday Blitz October 31 Late 2023"]
[White "Andreikin, Dmitry"]
[Black "only_strong_moves"]
[WhiteFideId "4158814"]
[WhiteElo "3107"]
[BlackElo "2525"]
[Result "1-0"]
[Round "1"]
[TimeControl "180+1"]
[Date "2023.10.31"]
[WhiteClock "0:01:32"]
[BlackClock "0:00:00"]
[Board "3"]

1. d4 d5 2. c4 e6 3. Nf3 Nf6 4. Nc3 c5 5. cxd5 cxd4 6. Qa4+ Nbd7 7. Nxd4 Nxd5 8. Nxd5 exd5 9. Bf4 a6 10. e3 Qb6 11. Bd3 Bb4+ 12. Ke2 O-O 13. Qc2 g6 14. Rhc1 Re8 15. Kf1 Nc5 16. Be2 Ne4 17. Kg1 Bf8 18. Bc7 Qf6 19. Bf3 Bg7 20. Qb3 Qg5 21. Bf4 Qd8 22. Rc2 g5 23. Bc7 Qd7 24. Rac1 g4 25. Bxe4 Rxe4 26. Bg3 Re8 27. Rc7 Qd8 28. Qc2 Bxd4 29. exd4 Qf6 30. Be5 Qg6 31. Rxc8 Raxc8 32. Qxc8 1-0


[Site "https://www.chess.com"]

[Event "Titled Tuesday Blitz October 31 Late 2023"]
[White "Manukyan, Artyom"]
[Black "Hakobyan, Aram"]
[WhiteFideId "13305786"]
[BlackFideId "13306677"]
[WhiteElo "2524"]
[BlackElo "3068"]
[Result "0-1"]
[Round "1"]
[TimeControl "180+1"]
[Date "2023.10.31"]
[WhiteClock "0:00:00"]
[BlackClock "0:00:11"]
[Board "4"]

1. e4 g6 2. d4 Bg7 3. Nc3 c5 4. dxc5 Bxc3+ 5. bxc3 Nf6 6. Qd4 Nc6 7. Qa4 Qa5 8. Qxa5 Nxa5 9. f3 O-O 10. Be3 d5 11. cxd6 exd6 12. O-O-O Be6 13. Kb2 Rfc8 14. Rxd6 Bc4 15. Ne2 Ne8 16. Rd1 Rc6 17. Bd4 Rac8 18. Nf4 Nc7 19. Bd3 Kf8 20. h4 Nb5 21. Bxc4 Nxc4+ 22. Ka1 Nxd4 23. Rxd4 Ne3 24. Rd3 Rxc3 25. Rxc3 Rxc3 26. Kb2 Rxc2+ 27. Kb3 Rf2 28. Rg1 h6 29. Nd5 Nxg2 30. h5 gxh5 31. Rh1 Rxf3+ 32. Kc4 h4 33. Rb1 h3 34. Kd4 h2 35. Rh1 Rh3 36. e5 Nh4 37. Ke4 Ng6 38. Kf5 Rh5+ 39. Kg4 Rxe5 40. Rxh2 Rxd5 0-1


[Site "https://www.chess.com"]

[Event "Titled Tuesday Blitz October 31 Late 2023"]
[White "Le, Quang Liem"]
[Black "Nilsen, Tobias Lang"]
[WhiteFideId "12401137"]
[BlackFideId "1521624"]
[WhiteElo "3054"]
[BlackElo "2524"]
[Result "1/2-1/2"]
[Round "1"]
[TimeControl "180+1"]
[Date "2023.10.31"]
[WhiteClock "0:00:14"]
[BlackClock "0:00:45"]
[Board "5"]

1. Nf3 d5 2. e3 e6 3. c4 Nf6 4. b3 c5 5. Bb2 Nc6 6. cxd5 exd5 7. Bb5 Be7 8. d4 O-O 9. O-O Ne4 10. Nc3 cxd4 11. Nxe4 dxe4 12. Nxd4 Nxd4 13. Bxd4 Bf6 14. Rc1 Bxd4 15. Qxd4 Qxd4 16. exd4 Rd8 17. Rc7 Be6 18. Rxb7 Rxd4 19. Rc1 h6 20. h3 Rd2 21. Bc4 Bxc4 22. Rxc4 Rxa2 23. Rxe4 Rb2 24. Rf4 Rf8 25. g3 g6 26. Ra4 Ra8 27. h4 h5 28. Rf4 Rf8 29. Kg2 Kg7 30. Kf3 Rc2 31. Ke3 a6 32. Kd3 Rc6 33. Ke2 Re8+ 34. Kf1 Rf6 35. Rxf6 Kxf6 36. Kg2 Re6 37. Kf3 Rc6 38. Ke4 Ke6 39. f3 Rc3 40. Rb6+ Ke7 41. b4 Rb3 42. Kf4 Kf8 43. g4 hxg4 44. fxg4 Kg7 45. h5 gxh5 46. gxh5 Rb1 47. Kg5 Rg1+ 48. Kf5 Rb1 49. h6+ Kh7 50. Kf6 Rf1+ 51. Ke7 Rf4 52. Kd7 f6 53. Kc7 Kxh6 54. Kb7 Kg5 55. Kxa6 Rf1 56. Rb8 Ra1+ 57. Kb6 Rb1 58. b5 f5 59. Rg8+ Kf4 60. Kc6 Ke4 61. Re8+ Kf3 62. Rf8 f4 63. b6 Ke3 64. b7 Rxb7 65. Kxb7 f3 66. Kc6 f2 67. Kd5 Ke2 68. Ke4 f1=Q 69. Rxf1 Kxf1 1/2-1/2


[Site "https://www.chess.com"]

[Event "Titled Tuesday Blitz October 31 Late 2023"]
[White "Tologon tegin, Semetei"]
[Black "Paravyan, David"]
[WhiteFideId "13800574"]
[BlackFideId "4194985"]
[WhiteElo "2521"]
[BlackElo "3052"]
[Result "0-1"]
[Round "1"]
[TimeControl "180+1"]
[Date "2023.10.31"]
[WhiteClock "0:00:00"]
[BlackClock "0:02:16"]
[Board "6"]

1. b3 d5 2. Bb2 Nf6 3. e3 Bf5 4. Nf3 h6 5. d3 e6 6. Nbd2 Be7 7. Ne5 Nbd7 8. f4 Nxe5 9. fxe5 Ng4 10. Qf3 Bg5 11. e4 Bxd2+ 12. Kxd2 dxe4 13. Qf4 g5 14. Qg3 h5 15. h3 h4 16. Qe1 Nh6 17. Rd1 exd3 18. Kc1 Qd7 19. Bxd3 O-O-O 20. Qe3 Qc6 21. Bxf5 Nxf5 22. Qxg5 Rdg8 23. Qf6 Qe8 24. Rhf1 Rg6 25. Rxf5 Rxf6 26. Rxf6 Rg8 27. Rd2 b5 28. Bd4 Kb7 29. Kb2 a5 30. a3 Qc6 31. Rff2 Rg3 32. Rxf7 Rxg2 33. Rxg2 Qxg2 34. Bc5 Kc6 35. b4 axb4 36. axb4 Qxh3 37. Rf6 Qg4 38. Be7 h3 39. Rh6 Qg2 0-1


[Site "https://www.chess.com"]

[Event "Titled Tuesday Blitz October 31 Late 2023"]
[White "Pranav, V"]
[Black "subham777"]
[WhiteFideId "25060783"]
[WhiteElo "3045"]
[BlackElo "2520"]
[Result "1-0"]
[Round "1"]
[TimeControl "180+1"]
[Date "2023.10.31"]
[WhiteClock "0:01:41"]
[BlackClock "0:00:00"]
[Board "7"]

1. e4 e6 2. d4 d5 3. Nc3 Nf6 4. Bg5 Be7 5. e5 Nfd7 6. Bxe7 Qxe7 7. f4 a6 8. Qg4 O-O 9. Bd3 f5 10. Qh3 c5 11. Nf3 Nc6 12. O-O-O c4 13. Bf1 b5 14. g4 fxg4 15. Qxg4 b4 16. Na4 Qf7 17. Ng5 Qxf4+ 18. Qxf4 Rxf4 19. Nxe6 Rf2 20. Nc7 Rb8 21. Nxd5 c3 22. Bc4 Na5 23. Rhf1 Rxf1 24. Bxf1 Bb7 25. Nxb4 cxb2+ 26. Nxb2 Bf3 27. Rd3 Rxb4 28. Rxf3 Rxd4 29. e6 Nf6 30. Bxa6 Re4 31. Bc8 Kf8 32. Rc3 Re5 33. Rc7 Rf5 34. e7+ 1-0


[Site "https://www.chess.com"]

[Event "Titled Tuesday Blitz October 31 Late 2023"]
[White "Tikhonov, Viacheslav"]
[Black "Terry, Renato"]
[WhiteFideId "44196407"]
[BlackFideId "3803457"]
[WhiteElo "2517"]
[BlackElo "3022"]
[Result "0-1"]
[Round "1"]
[TimeControl "180+1"]
[Date "2023.10.31"]
[WhiteClock "0:00:01"]
[BlackClock "0:00:14"]
[Board "8"]

1. e4 e6 2. d4 d5 3. Nc3 Nf6 4. Bg5 Bb4 5. e5 h6 6. Bd2 Bxc3 7. Bxc3 Ne4 8. Bd2 c5 9. Be3 Nc6 10. f3 cxd4 11. Bxd4 Qh4+ 12. g3 Nxg3 13. Bf2 Qb4+ 14. c3 Qxb2 15. Bxg3 Qxc3+ 16. Kf2 Bd7 17. Rc1 Qa3 18. Qd2 Rc8 19. Bb5 O-O 20. Bxc6 bxc6 21. Ne2 c5 22. Qc3 Qa4 23. Qb3 Qa6 24. Bh4 Rfe8 25. Rhg1 g6 26. Bf6 Kh7 27. Rg3 d4 28. Qc2 Qa3 29. Rd1 Qe3+ 30. Kf1 Bb5 31. f4 Qxf4+ 32. Kg2 Qf5 33. Qxf5 exf5 34. Nf4 g5 35. Nd5 Bc6 36. Rh3 Bxd5+ 37. Kf2 Kg6 38. Rg3 f4 39. Rg4 Kf5 40. Rgg1 Re6 41. h4 g4 42. Kf1 Ra6 43. Rd2 Rxa2 44. Rxa2 Bxa2 45. Ke2 Bd5 46. Kd2 g3 47. Ra1 g2 48. Ke2 c4 49. Kf2 c3 50. e6 Kxf6 51. Rxa7 fxe6 52. h5 c2 53. Rd7 g1=Q+ 54. Ke2 f3+ 55. Kd3 Qe3# 0-1


[Site "https://www.chess.com"]

[Event "Titled Tuesday Blitz October 31 Late 2023"]
[White "Yoo, Christopher Woojin"]
[Black "Slade, Theodore"]
[WhiteFideId "30909694"]
[BlackFideId "426547"]
[WhiteElo "3011"]
[BlackElo "2515"]
[Result "1-0"]
[Round "1"]
[TimeControl "180+1"]
[Date "2023.10.31"]
[WhiteClock "0:00:13"]
[BlackClock "0:00:05"]
[Board "9"]

1. Nf3 d5 2. e3 Nf6 3. c4 e6 4. Nc3 c5 5. cxd5 exd5 6. Bb5+ Nc6 7. Ne5 Qc7 8. Qa4 Bd7 9. Nxd7 Qxd7 10. O-O Bd6 11. e4 d4 12. Nd5 O-O 13. Nxf6+ gxf6 14. d3 a6 15. Bxc6 Qxc6 16. Qxc6 bxc6 17. Bd2 Rfb8 18. Rab1 a5 19. Rfc1 a4 20. Rc4 Rb5 21. Kf1 Rab8 22. Rxa4 Rxb2 23. Rxb2 Rxb2 24. Bh6 Rb8 25. Ra6 c4 26. dxc4 d3 27. g3 Bb4 28. Ra4 Bc3 29. Ra3 d2 30. Ke2 Rd8 31. Kd1 Bb4 32. Rb3 Ba5 33. a4 f5 34. e5 f6 35. e6 Re8 36. Bxd2 Bxd2 37. Kxd2 Rxe6 38. a5 Rd6+ 39. Rd3 Re6 40. Rd8+ Kf7 41. a6 Re7 42. Rb8 Ke6 43. Rb7 Re8 44. Rxh7 Ra8 45. a7 Kd6 46. Kc3 Kc5 47. h4 f4 48. g4 f3 49. Rf7 Kd6 50. Rxf6+ Ke5 51. Rf5+ Ke4 52. Ra5 Kf4 53. g5 Kg4 54. Kd4 Kxh4 55. Kc5 Kh3 56. Kxc6 Kg2 57. Ra2 Rg8 58. a8=Q Rxa8 59. Rxa8 Kxf2 60. Rf8 Ke1 61. g6 f2 62. g7 f1=Q 63. Rxf1+ Kxf1 64. g8=Q 1-0


[Site "https://www.chess.com"]

[Event "Titled Tuesday Blitz October 31 Late 2023"]
[White "HeroRubiksCube"]
[Black "Bortnyk, Mykola"]
[BlackFideId "14120836"]
[WhiteElo "2514"]
[BlackElo "3002"]
[Result "0-1"]
[Round "1"]
[TimeControl "180+1"]
[Date "2023.10.31"]
[WhiteClock "0:01:13"]
[BlackClock "0:02:15"]
[Board "10"]

1. e4 Nf6 2. d3 e5 3. Nf3 Nc6 4. g3 d5 5. Nbd2 dxe4 6. dxe4 Bc5 7. Bg2 Bxf2+ 8. Kxf2 Ng4+ 9. Ke2 Nd4+ 10. Nxd4 Qxd4 11. Qg1 Qd6 12. h3 Nf6 13. Qe3 Be6 14. b3 Qa6+ 15. Qd3 Qc6 16. Bb2 Rd8 17. Qc3 Qa6+ 18. Nc4 b5 19. Qa5 Bxc4+ 0-1


[Site "https://www.chess.com"]

[Event "Titled Tuesday Blitz October 31 Late 2023"]
[White "Oparin, Grigoriy"]
[Black "Keleberda, Tymur"]
[WhiteFideId "24125890"]
[BlackFideId "14174294"]
[WhiteElo "2976"]
[BlackElo "2513"]
[Result "1-0"]
[Round "1"]
[TimeControl "180+1"]
[Date "2023.10.31"]
[WhiteClock "0:01:57"]
[BlackClock "0:00:40"]
[Board "11"]

1. g3 Nf6 2. Bg2 d5 3. c4 dxc4 4. Nf3 e6 5. Qa4+ Nbd7 6. Qxc4 a6 7. Qc2 b5 8. Nd4 Nd5 9. Nc6 Qf6 10. e4 N5b6 11. O-O Bb7 12. Na5 Rb8 13. Qxc7 Qd8 14. Qxd8+ Kxd8 15. Nxb7+ Rxb7 16. d4 Be7 17. Nc3 b4 18. Ne2 a5 19. Rd1 Kc8 20. Bf4 Ra7 21. Rac1+ Kb7 22. d5 exd5 23. exd5 Ka6 24. Nd4 g5 25. d6 Bf6 26. Bf1+ Kb7 27. Rc7+ Kb8 28. Nc6+ 1-0


[Site "https://www.chess.com"]

[Event "Titled Tuesday Blitz October 31 Late 2023"]
[White "Hnydiuk, Aleksander"]
[Black "Elsa167"]
[WhiteFideId "1109057"]
[WhiteElo "2512"]
[BlackElo "2965"]
[Result "0-1"]
[Round "1"]
[TimeControl "180+1"]
[Date "2023.10.31"]
[WhiteClock "0:01:14"]
[BlackClock "0:01:31"]
[Board "12"]

1. d4 Nf6 2. Nf3 g6 3. Nbd2 Bg7 4. e4 d6 5. Bb5+ c6 6. Bd3 O-O 7. O-O a5 8. a4 Na6 9. c3 e5 10. Re1 exd4 11. cxd4 Nb4 12. Bf1 Re8 13. b3 Bg4 14. h3 Bxf3 15. gxf3 Nh5 16. Nc4 d5 17. Ne5 Qh4 18. Qd2 Rad8 19. Qg5 Qxg5+ 20. Bxg5 f6 0-1


[Site "https://www.chess.com"]

[Event "Titled Tuesday Blitz October 31 Late 2023"]
[White "Hong, Andrew"]
[Black "Estrada Nieto, Julian"]
[WhiteFideId "2099438"]
[BlackFideId "5101018"]
[WhiteElo "2957"]
[BlackElo "2510"]
[Result "1-0"]
[Round "1"]
[TimeControl "180+1"]
[Date "2023.10.31"]
[WhiteClock "0:00:08"]
[BlackClock "0:00:05"]
[Board "13"]

1. d4 d5 2. Nc3 Nf6 3. Bf4 c6 4. e3 Bf5 5. Bd3 e6 6. Nge2 Bd6 7. Bg5 h6 8. Bh4 Nbd7 9. Bxf5 exf5 10. Qd3 g6 11. Bg3 Qe7 12. O-O-O Ne4 13. Rhf1 O-O-O 14. Bxd6 Qxd6 15. Ng3 h5 16. f4 Nxg3 17. hxg3 Rde8 18. Rde1 Re7 19. Ne2 Rhe8 20. Ng1 Nf6 21. Rf3 Qb4 22. c3 Qb5 23. Qc2 Ng4 24. Kd2 Kb8 25. Nh3 f6 26. Qd3 Qa5 27. a3 Qb6 28. Kc2 Nh2 29. Rf2 Ng4 30. Rfe2 Rc8 31. Nf2 Nxf2 32. Rxf2 Rce8 33. Rfe2 a6 34. Rh1 Qb5 35. b3 Kc7 36. c4 Qa5 37. Kb2 dxc4 38. bxc4 Qa4 39. Ka2 Rb8 40. d5 Rd8 41. Rd1 Red7 42. Rc2 Kb8 43. Qb3 Qxb3+ 44. Kxb3 cxd5 45. c5 d4 46. Rcd2 d3 47. Kc4 Kc7 48. Rxd3 Rxd3 49. Rxd3 Rxd3 50. Kxd3 Kc6 51. Kd4 Kb5 52. Kd5 a5 53. Kd6 Kc4 54. Ke6 Kxc5 55. Kxf6 b5 56. Kxg6 b4 57. axb4+ axb4 58. e4 b3 59. exf5 b2 60. f6 b1=Q+ 61. Kg7 Qf5 62. f7 Qg4+ 63. Kf6 Qxg3 64. f8=Q+ Kc4 65. Qc8+ Kd3 66. Qh3 Qxh3 67. gxh3 Ke4 68. Kg5 Kf3 69. f5 h4 70. Kxh4 Ke4 71. f6 1-0


[Site "https://www.chess.com"]

[Event "Titled Tuesday Blitz October 31 Late 2023"]
[White "maksimys18"]
[Black "Daneshvar, Bardiya"]
[BlackFideId "12576468"]
[WhiteElo "2507"]
[BlackElo "2956"]
[Result "0-1"]
[Round "1"]
[TimeControl "180+1"]
[Date "2023.10.31"]
[WhiteClock "0:00:47"]
[BlackClock "0:01:51"]
[Board "14"]

1. d4 d6 2. Nf3 g6 3. c4 Bg7 4. Nc3 c5 5. d5 Bxc3+ 6. bxc3 e5 7. Bg5 f6 8. Bh4 Qa5 9. Qc2 Bf5 10. Qb2 b6 11. Nd2 g5 12. Bg3 Nd7 13. h4 Ne7 14. hxg5 fxg5 15. e3 h5 16. f4 exf4 17. exf4 g4 18. Bh4 Ng6 19. Bg5 Kf7 20. Be2 Rae8 21. Kf2 h4 22. Rae1 g3+ 23. Kf1 Re3 24. Nf3 Rhe8 25. Bxh4 Nxf4 26. Bg5 Rxe2 27. Bxf4 Rxb2 28. Ng5+ Kg6 29. Rxe8 Bd3+ 30. Kg1 Rb1+ 0-1


[Site "https://www.chess.com"]

[Event "Titled Tuesday Blitz October 31 Late 2023"]
[White "Bok, Benjamin"]
[Black "Korkmaz, Necmettin"]
[WhiteFideId "1017063"]
[BlackFideId "6303285"]
[WhiteElo "2954"]
[BlackElo "2504"]
[Result "1-0"]
[Round "1"]
[TimeControl "180+1"]
[Date "2023.10.31"]
[WhiteClock "0:01:51"]
[BlackClock "0:02:25"]
[Board "15"]

1. d4 d5 2. c4 c6 3. cxd5 cxd5 4. Nf3 Nf6 5. Nc3 Nc6 6. Bf4 a6 7. Rc1 Bf5 8. e3 Rc8 9. Be2 e6 10. O-O Bd6 11. Bxd6 Qxd6 12. Qb3 b5 13. a4 b4 14. Bxa6 Rb8 15. Nb5 Qd7 16. Ne5 Nxe5 17. dxe5 Ne4 18. Qxb4 Qe7 19. Nd6+ Qxd6 20. Bb5+ Qd7 1-0


[Site "https://www.chess.com"]

[Event "Titled Tuesday Blitz October 31 Late 2023"]
[White "Girsh, Daniel"]
[Black "Khismatullin, Denis"]
[WhiteFideId "30949190"]
[BlackFideId "4142578"]
[WhiteElo "2502"]
[BlackElo "2946"]
[Result "1-0"]
[Round "1"]
[TimeControl "180+1"]
[Date "2023.10.31"]
[WhiteClock "0:00:21"]
[BlackClock "0:00:00"]
[Board "16"]

1. e4 c5 2. Nf3 e6 3. b3 a6 4. Bb2 Nc6 5. c4 Nge7 6. Be2 Ng6 7. O-O e5 8. Nc3 d6 9. Nd5 Be7 10. Re1 O-O 11. Bf1 f5 12. d3 fxe4 13. dxe4 Bg4 14. Be2 Be6 15. Qd2 h6 16. Rad1 Nd4 17. Nxd4 cxd4 18. Bh5 Bg5 19. Qd3 Bxd5 20. Bxg6 Bc6 21. Bf5 Qf6 22. Qh3 g6 23. Be6+ Kg7 24. f3 Be3+ 25. Kh1 Rad8 26. Bd5 Bd7 27. Qg3 Bc8 28. c5 h5 29. Rxe3 h4 30. Qe1 dxe3 31. cxd6 h3 32. Qxe3 hxg2+ 33. Kxg2 g5 34. h4 gxh4 35. f4 Kh7 36. Bxe5 Qg6+ 37. Kh2 Rg8 38. Bxg8+ Rxg8 39. Rg1 Qe6 40. Qf3 Rxg1 41. Qh5+ Kg8 42. Kxg1 Bd7 43. Qh8+ Kf7 44. Qg7+ Ke8 45. f5 Qf7 46. Qh8+ Qf8 47. Qxh4 Qg8+ 48. Kf2 Qg3+ 49. Bxg3 1-0


[Site "https://www.chess.com"]

[Event "Titled Tuesday Blitz October 31 Late 2023"]
[White "Ilamparthi A R"]
[Black "The_Straightforward_Rook"]
[WhiteFideId "45015775"]
[WhiteElo "2943"]
[BlackElo "2501"]
[Result "1-0"]
[Round "1"]
[TimeControl "180+1"]
[Date "2023.10.31"]
[WhiteClock "0:00:14"]
[BlackClock "0:00:00"]
[Board "17"]

1. d4 Nf6 2. Nf3 e6 3. Bf4 d5 4. e3 Bd6 5. Ne5 O-O 6. Bd3 c5 7. c3 Qc7 8. Nd2 Nbd7 9. Ndf3 c4 10. Bc2 b5 11. h4 a5 12. g4 b4 13. h5 Ne4 14. h6 g6 15. Nxd7 Bxd7 16. Bxd6 Qxd6 17. Bxe4 dxe4 18. Ne5 f6 19. Nxc4 Qa6 20. b3 bxc3 21. Rc1 a4 22. Rxc3 axb3 23. axb3 Rfc8 24. O-O Bb5 25. Qe2 Rc7 26. Rfc1 Rac8 27. g5 fxg5 28. Qg4 Bxc4 29. bxc4 Rxc4 30. Rxc4 Rxc4 31. Rb1 Qc6 32. Rb8+ Kf7 33. Qxg5 Rc1+ 34. Kg2 Qd5 35. Rb7+ Qxb7 36. Qe5 Qd5 37. Qg7+ Ke8 38. Qg8+ Kd7 39. Qxh7+ Kd6 40. Qxg6 Qf5 41. Qg3+ Kd5 42. h7 Rc8 43. Qh4 Qg6+ 44. Kf1 Qg7 45. Qh5+ Kd6 46. Ke2 Rh8 47. Qc5+ Kd7 48. Qa7+ Kd6 49. Qxg7 Rxh7 50. Qxh7 1-0


[Site "https://www.chess.com"]

[Event "Titled Tuesday Blitz October 31 Late 2023"]
[White "Shohat, Yotam"]
[Black "Chigaev, Maksim"]
[WhiteFideId "2813955"]
[BlackFideId "4108116"]
[WhiteElo "2497"]
[BlackElo "2937"]
[Result "0-1"]
[Round "1"]
[TimeControl "180+1"]
[Date "2023.10.31"]
[WhiteClock "0:00:02"]
[BlackClock "0:00:08"]
[Board "18"]

1. e4 c5 2. Nf3 d6 3. d4 cxd4 4. Nxd4 Nf6 5. Nc3 a6 6. Be3 e6 7. a3 h5 8. Be2 Qc7 9. O-O Nbd7 10. f4 Be7 11. Kh1 b5 12. Bf3 Bb7 13. Qe1 h4 14. Rd1 g6 15. Bf2 h3 16. g4 e5 17. g5 Nh5 18. fxe5 Nxe5 19. Nd5 Bxd5 20. exd5 Nxf3 21. Nxf3 O-O 22. c3 Rfe8 23. Qd2 Qd7 24. Bd4 Qg4 25. Qf2 Nf4 26. Qg3 Qxg3 27. hxg3 Nxd5 28. Kh2 Bf8 29. Kxh3 Ne3 30. Bxe3 Rxe3 31. Rde1 Rae8 32. Kg2 Re2+ 33. Rxe2 Rxe2+ 34. Rf2 Re4 35. Rd2 Be7 36. Kf2 Kf8 37. Re2 Re6 38. Rd2 Ke8 39. Nd4 Re4 40. Nf3 Re6 41. Nd4 Bxg5 42. Nxe6 Bxd2 43. Nc7+ Kd7 44. Nxa6 Bc1 45. b3 Bxa3 46. Kf3 d5 47. Ke3 Bd6 48. Kd4 Kc6 49. g4 f6 50. c4 dxc4 51. bxc4 Be5+ 52. Kd3 Bd6 53. Kd4 Bg3 54. cxb5+ Kxb5 55. Nc5 Bf2+ 56. Kd5 Bxc5 57. Ke6 g5 58. Kxf6 Be3 59. Kf5 Bf4 0-1


[Site "https://www.chess.com"]

[Event "Titled Tuesday Blitz October 31 Late 2023"]
[White "Sjugirov, Sanan"]
[Black "Urbina Perez, Juan Antonio"]
[WhiteFideId "4189302"]
[BlackFideId "2217368"]
[WhiteElo "2937"]
[BlackElo "2494"]
[Result "1-0"]
[Round "1"]
[TimeControl "180+1"]
[Date "2023.10.31"]
[WhiteClock "0:00:10"]
[BlackClock "0:00:00"]
[Board "19"]

1. e4 e5 2. Nf3 Nf6 3. Nxe5 d6 4. Nf3 Nxe4 5. Nc3 Nxc3 6. dxc3 Nc6 7. Be3 Be7 8. Qd2 Be6 9. O-O-O h6 10. Kb1 a6 11. Be2 Qd7 12. Rhe1 O-O-O 13. Nd4 Bf6 14. Nxe6 fxe6 15. Bg4 Rde8 16. f4 Kb8 17. g3 Qd8 18. Bf3 Qd7 19. Bg4 Qd8 20. Bg1 e5 21. f5 Qd7 22. Qd3 Rd8 23. Bf3 Rhe8 24. g4 Bh4 25. Re2 Re7 26. Bg2 Rde8 27. h3 Rf8 28. Qe4 Nd8 29. c4 c6 30. Red2 Rf6 31. Rd3 Qc7 32. Rb3 c5 33. Rbd3 Rd7 34. Qe2 Nc6 35. Qd2 Bg5 36. Qe1 Nd4 37. c3 Nc6 38. Bxc5 Na5 39. Bg1 Nxc4 40. Qe4 Nb6 41. Qb4 Nc8 42. c4 Bf4 43. Rb3 b6 44. Qc3 Ka7 45. Qf3 1-0


[Site "https://www.chess.com"]

[Event "Titled Tuesday Blitz October 31 Late 2023"]
[White "Czerw, Dawid"]
[Black "Mahdavi, Reza"]
[WhiteFideId "1145746"]
[BlackFideId "12595926"]
[WhiteElo "2493"]
[BlackElo "2934"]
[Result "0-1"]
[Round "1"]
[TimeControl "180+1"]
[Date "2023.10.31"]
[WhiteClock "0:00:01"]
[BlackClock "0:01:03"]
[Board "20"]

1. d4 Nf6 2. c4 e6 3. Nc3 Bb4 4. f3 c5 5. a3 Bxc3+ 6. bxc3 Nc6 7. e4 d6 8. Be3 Qa5 9. Qd2 cxd4 10. cxd4 Qxd2+ 11. Kxd2 Bd7 12. Bd3 Rc8 13. Kc3 d5 14. exd5 exd5 15. c5 b6 16. Ba6 Rd8 17. cxb6 axb6 18. Rb1 O-O 19. Rxb6 Rfe8 20. Kd2 Re6 21. Nh3 Rde8 22. Bf2 Na5 23. Rxe6 Rxe6 24. Bd3 Rb6 25. Rb1 Rxb1 26. Bxb1 Nc4+ 27. Kc3 Nxa3 28. Bd3 Nb5+ 29. Bxb5 Bxb5 30. Bh4 Nd7 31. Nf4 Bc4 32. Nd3 Bxd3 33. Kxd3 f6 34. Kc3 Kf7 35. Bg3 Ke6 36. Kb4 Nb6 37. Kc3 Nc4 38. Kd3 Kd7 39. Be1 Kc6 40. Bb4 Kb5 41. Bf8 g6 42. g4 Ka4 43. f4 f5 44. gxf5 gxf5 45. Be7 Kb3 46. Bf8 Nb2+ 47. Ke3 Kc3 48. Bg7 Nc4+ 49. Kf3 Kd3 50. Bf6 Nd2+ 51. Kg2 Ke3 52. Be5 Nb3 53. Kh3 Nxd4 54. Kh4 Nf3+ 55. Kh5 d4 56. Kh6 d3 57. Bc3 Nxh2 58. Kxh7 Kxf4 59. Bd2+ Ke4 60. Kg6 f4 61. Kg5 f3 62. Be1 f2 63. Bxf2 d2 0-1


[Site "https://www.chess.com"]

[Event "Titled Tuesday Blitz October 31 Late 2023"]
[White "Cordova, Emilio"]
[Black "Reprintsev, Alexander"]
[WhiteFideId "3801497"]
[BlackFideId "14100541"]
[WhiteElo "2933"]
[BlackElo "2491"]
[Result "1/2-1/2"]
[Round "1"]
[TimeControl "180+1"]
[Date "2023.10.31"]
[WhiteClock "0:00:46"]
[BlackClock "0:01:39"]
[Board "21"]

1. d4 d5 2. Nf3 Nc6 3. c4 e5 4. Nc3 exd4 5. Nxd4 Nxd4 6. Qxd4 dxc4 7. Qxd8+ Kxd8 8. e4 Be6 9. Bf4 c6 10. O-O-O+ Ke8 11. e5 Ne7 12. Ne4 Nd5 13. Bg3 b5 14. Be2 Be7 15. Rhe1 h6 16. f4 g6 17. Bf3 Kf8 18. Nc3 a6 19. Nxd5 cxd5 20. Bxd5 Rd8 21. Bxe6 fxe6 22. Rxd8+ Bxd8 23. Rd1 Be7 24. Rd7 g5 25. Ra7 gxf4 26. Bxf4 Kf7 27. Rxa6 Bg5 28. g3 Bxf4+ 29. gxf4 Rg8 30. Ra7+ Kg6 31. a4 bxa4 32. Rxa4 Kf5 33. Rxc4 Rg1+ 34. Kc2 Rg2+ 35. Kc3 Rxh2 36. b4 h5 37. b5 Rg2 38. b6 Rg8 39. b7 Rb8 40. Rc7 Kxf4 41. Kd4 h4 42. Rf7+ Kg5 43. Rh7 Kg6 44. Rxh4 Rxb7 45. Rf4 Rb4+ 46. Ke3 Rxf4 47. Kxf4 Kh5 48. Ke3 Kg4 49. Kd4 Kf5 50. Kd3 Kf4 51. Kd4 Kf5 52. Kd3 Kxe5 53. Ke3 1/2-1/2


[Site "https://www.chess.com"]

[Event "Titled Tuesday Blitz October 31 Late 2023"]
[White "Tworuszka, Michal"]
[Black "Bauman_Guy"]
[WhiteFideId "1117858"]
[WhiteElo "2489"]
[BlackElo "2918"]
[Result "0-1"]
[Round "1"]
[TimeControl "180+1"]
[Date "2023.10.31"]
[WhiteClock "0:00:18"]
[BlackClock "0:01:10"]
[Board "22"]

1. e4 c5 2. Nf3 d6 3. d4 Nf6 4. Nc3 cxd4 5. Nxd4 a6 6. Bd3 e5 7. Nde2 Be7 8. O-O O-O 9. Ng3 b5 10. a4 b4 11. Nd5 Nxd5 12. exd5 f5 13. f4 e4 14. Be2 Qb6+ 15. Kh1 a5 16. b3 Ba6 17. Bb2 g6 18. Qd4 Qxd4 19. Bxd4 Nd7 20. Bxa6 Rxa6 21. Rf2 Bf6 22. Bxf6 Nxf6 23. Rd1 Rc8 24. Nf1 Rc3 25. Re2 Ra7 26. Ne3 Rac7 27. Nc4 R7xc4 28. bxc4 Rxc4 29. Kg1 Kf7 30. h3 h5 31. g3 Rc3 32. Kf2 Ra3 33. Ree1 Ke7 34. c4 bxc3 35. Ra1 Rxa1 36. Rxa1 Nxd5 37. Ke2 Nb4 38. Rc1 c2 39. Ke3 d5 40. Kd4 Kd6 41. h4 Kc6 0-1


[Site "https://www.chess.com"]